 Dungeon Crawl Stone Soup version 0.22-a0-253-gf9d0ce5 (webtiles) character file.

29 mortelune the Chiller (level 3, -1/24 HPs)
             Began as a Demonspawn Ice Elementalist on Mar 3, 2018.
             Was an Initiate of Ashenzari.
             Slain by a gnoll
             ... wielding a +0 spear
              (5 damage)
             ... on level 1 of the Dungeon.
             The game lasted 00:03:34 (1920 turns).

mortelune the Chiller (Demonspawn Ice Elementalist) Turns: 1920, Time: 00:03:35

Health: -1/24      AC:  3    Str:  8    XL:     3   Next: 1%
Magic:  2/7        EV: 12    Int: 17    God:    Ashenzari [......]
Gold:   95         SH:  0    Dex: 13    Spells: 4/7 levels left

rFire    . . .     SeeInvis .   g - +0 club
rCold    . . .     Gourm    .   (no shield)
rNeg     . . .     Faith    .   a - +0 robe
rPois    .         Spirit   .   (no helmet)
rElec    .         Reflect  .   (no cloak)
rCorr    .         Harm     .   (no gloves)
MR       .....                  (no boots)
Stlth    ++........             (no amulet)
HPRegen  0.08/turn              (no ring)
MPRegen  0.10/turn              (no ring)

@: no status effects
A: rugged brown scales 1
a: Curse Item, Renounce Religion


You were on level 1 of the Dungeon.
You worshipped Ashenzari.
Ashenzari was noncommittal.
You were hungry.

You visited 1 branch of the dungeon, and saw 2 of its levels.

You collected 95 gold pieces.

Inventory:

Hand Weapons
 g - a +0 club (weapon)
Armour
 a - a +0 robe (worn)
Scrolls
 b - a scroll of identify {unknown}
 i - a scroll of amnesia {unknown}
Potions
 e - 2 potions of might {unknown}
 f - a potion of ambrosia {unknown}
 h - a potion of curing {unknown}
Comestibles
 c - 4 rations


   Skills:
 - Level 1.7 Dodging
 - Level 1.7 Stealth
 + Level 2.7 Spellcasting
 - Level 1.0 Conjurations
 + Level 3.3 Ice Magic


You had 4 spell levels left.
You knew the following spells:

 Your Spells              Type           Power        Failure   Level  Hunger
a - Freeze                Ice            ##..         4%          1    #......
b - Throw Frost           Conj/Ice       #.....       11%         2    ##.....


Dungeon Overview and Level Annotations

Branches:
Dungeon (2/15)

Altars:
Ashenzari
Kikubaaqudgha
Trog

Annotations:
D:1 exclusion: downstairs
D:2 Robin, Sigmund


Innate Abilities, Weirdness & Mutations

You are partially covered in rugged brown scales. (AC +1, +3% HP)


Message History

The hobgoblin hits you. The hobgoblin hits you with a club.
A goblin comes into view.
Robin of the Strong Arm comes into view.
She is wielding a falchion.
Robin throws the goblin at you!
A goblin comes into view.
The goblin completely misses you. The goblin hits you.
Robin roars a battlecry!
The goblins go into a battle-frenzy!
You hear a shout!
There is a stone staircase leading up here.
The goblin hits you. The hobgoblin closely misses you.
You climb upwards.
Level annotation: exclusion: downstairs The gnoll completely misses you.
There is a stone staircase leading down here.
The goblin hits you.
* * * LOW HITPOINT WARNING * * *
The gnoll hits you with a spear.
You die...

....# ###.# # #.# ###'##
.....# .....# .....#
.....###################
..(............g@......#
...............g####.###
.............[....##.#
...############.#.##.#
...# #.#.##.# ...#
#.#.##.# '###
######.#.##.#
.#########...........#
.##...........#.#.####


You could see a gnoll and a goblin.

Vanquished Creatures
  2 oozes
  A leopard gecko (D:1)
  2 giant cockroaches (D:1)
  3 hobgoblins
  A kobold (D:2)
  3 bats
  3 goblins
  5 rats
20 creatures vanquished.

Notes
Turn   | Place    | Note
-------+----------+-------------------------------------------
     0 | D:1      | mortelune the Demonspawn Ice Elementalist began the quest for the Orb.
     0 | D:1      | Reached XP level 1. HP: 13/13 MP: 3/3
   286 | D:1      | Reached skill level 3 in Ice Magic
   352 | D:1      | Gained mutation: You are partially covered in rugged brown scales. (AC +1, +3% HP) [demonic ancestry]
   352 | D:1      | Reached XP level 2. HP: 13/19 MP: 3/5
   771 | D:1      | Learned a level 2 spell: Throw Frost
  1299 | D:2      | Found a shattered altar of Ashenzari.
  1302 | D:2      | Found an ancient bone altar of Kikubaaqudgha.
  1304 | D:2      | Found a bloodstained altar of Trog.
  1308 | D:2      | Became a worshipper of Ashenzari the Shackled
  1536 | D:2      | Noticed Sigmund
  1899 | D:2      | Reached XP level 3. HP: 24/24 MP: 0/7
  1902 | D:2      | Noticed Robin
  1920 | D:1      | Slain by a gnoll

Vault maps used:
D:1:      dpeg_arrival_rooms_with_view, minmay_misc_feat_more_columns, hex_tiny
D:2:      grunt_temple_overflow_open, makhleb_altar_promises_db, first_ration,
          uniq_robin, uniq_sigmund, uniq_natasha, uniq_jessica

Skill      XL: |  1 |
---------------+----+-----
Ice Magic      | 3 |  3.3
Dodging        | |  1.7
Stealth        | |  1.7
Spellcasting   | |  2.7
Conjurations   | |  1.0

Action                   || total
-------------------------++-------
Melee: Unarmed           ||     1
 Cast: Freeze            ||    30
       Throw Frost       ||     8
  Eat: Chunk             ||     3
Armor: Robe              ||     4
Dodge: Dodged            ||    24

Table legend:
 A = Spawn XP
 B = Non-spawn XP
 C = Spawn XP percentage of total XP
 D = Spawn monster count
 E = Non-spawn monster count
 F = Spawn count percentage of total count
 G = Total turns spent on level
                    A         B        C        D         E        F      G
               +---------+---------+-------+---------+---------+-------+---------
         Total |       0 |      42 |   0.0 |       0 |      20 |   0.0 |  1920
               +---------+---------+-------+---------+---------+-------+---------
           D:1 |       0 |      23 |   0.0 |       0 |      12 |   0.0 |  1484
           D:2 |       0 |      19 |   0.0 |       0 |       8 |   0.0 |   436
               +---------+---------+-------+---------+---------+-------+---------
